 Dungeon Crawl Stone Soup version 0.19.5 (webtiles) character file.

3859 MovingMist the Covered (level 9, -2/85 HPs)
             Began as a Deep Dwarf Fighter on Apr 7, 2017.
             Was a Believer of the Shining One.
             Slain by a yak (7 damage)
             ... on level 9 of the Dungeon.
             The game lasted 00:18:37 (6142 turns).

MovingMist the Covered (Deep Dwarf Fighter)         Turns: 6142, Time: 00:18:39

Health: -2/85      AC: 13    Str: 21    XL:     9   Next: 99%
Magic:  8/8        EV: 13    Int:  7    God:    the Shining One [**....]
Gold:   399        SH:  9    Dex: 14    Spells: 1 memorised, 6 levels left

rFire  + . .     SeeInvis .     I - +1 long sword (freeze)
rCold  + . .     Gourm    .     E - +2 ring mail {rC+}
rNeg   + . .     Faith    .     c - +0 shield
rPois  .         Spirit   .     (helmet restricted)
rElec  .         Reflect  .     r - +0 cloak
rCorr  +         Harm     .     (no gloves)
MR     +....                    x - +0 pair of boots
Stlth  +.........               (no amulet)
                                (no ring)
                                K - ring of resist corrosion

@: non-regenerating, glowing
A: damage resistance, recharge devices, antennae 1, thin metallic scales 1,
dopey 1, fire resistance 1, sense surroundings 2, slow regeneration 3
a: Device Recharging, Divine Shield, Renounce Religion


You were on level 9 of the Dungeon.
You worshipped the Shining One.
The Shining One was pleased with you.
You were not hungry.

You visited 1 branch of the dungeon, and saw 9 of its levels.

You collected 399 gold pieces.

Inventory:

Hand Weapons
 I - a +1 long sword of freezing (weapon)
Armour
 c - a +0 shield (worn)
 r - a +0 cloak (worn)
 x - a +0 pair of boots (worn)
 D - a +0 helmet
 E - a +2 ring mail of cold resistance (worn)
Jewellery
 H - an uncursed amulet of guardian spirit
 K - a ring of resist corrosion (left hand)
Wands
 e - a wand of heal wounds (5/9)
 s - a wand of digging (18/24)
 t - a wand of flame (0/48)
 y - a wand of slowing (22/48)
 B - a wand of iceblast (10/15)
Scrolls
 a - a scroll of amnesia {unknown}
 g - a scroll of enchant armour
 k - 5 scrolls of teleportation
 u - 4 scrolls of remove curse
 w - 2 scrolls of enchant weapon
 C - a scroll of torment {unknown}
 G - a scroll of magic mapping {unknown}
 L - a scroll of fog {unknown}
Potions
 b - 2 potions of heal wounds
 d - 2 potions of might
 i - a potion of lignification {unknown}
 l - a potion of resistance
 m - a potion of cure mutation {unknown}
 n - 2 potions of brilliance {unknown}
 p - 8 potions of curing
 v - 2 potions of mutation {unknown}
 z - a potion of berserk rage {unknown}
 A - a potion of degeneration {unknown}
Books
 F - a book of Minor Magic

   Spells                             Type                      Level
   a - Magic Dart                     Conjuration                  1
   b - Blink                          Translocation                2
   c - Call Imp                       Summoning                    2
   d - Repel Missiles                 Charms/Air                   2
   e - Slow                           Hexes                        2
   f - Conjure Flame                  Conjuration/Fire             3
   g - Mephitic Cloud                 Conjuration/Poison/Air       3
Comestibles
 f - 8 bread rations
 h - 4 beef jerkies
 j - 6 chunks of flesh
 o - 3 meat rations
 q - 8 slices of pizza


   Skills:
 + Level 6.8 Fighting
   Level 2.0(4.2) Short Blades
 * Level 6.4(6.6) Long Blades
   Level 5.4 Axes
 + Level 7.9 Armour
 - Level 7.3 Dodging
 - Level 3.2 Shields


You had 6 spell levels left.
You knew the following spells:

 Your Spells              Type           Power        Failure   Level  Hunger
a - Repel Missiles        Chrm/Air       #.....       100%        2    ###....


Dungeon Overview and Level Annotations

Branches:
Dungeon (9/15)             Temple (0/1) D:7
   Lair: D:8-11         Orc: D:9-12

Altars:
Fedhas
Gozag
Hepliaklqana
Makhleb
Ru
Trog
Vehumet
Xom
Yredelemnul
Zin
The Shining One

Shops:
D:6 *


Innate Abilities, Weirdness & Mutations

You are resistant to damage.
You can recharge devices by infusing magical energy.
You passively map the area around you.
You do not regenerate.
You have a pair of small antennae on your head.
You are partially covered in thin metallic scales. (AC +2)
You are dopey. (Int -2)
Your flesh is heat resistant. (rF+)


Message History

The yak gores you!
* * * LOW HITPOINT WARNING * * *
You slash the yak! You freeze the yak.
You kill the yak!
You hit the yak. You freeze the yak.
The yak is lightly wounded.
The yak barely misses you.
You hit the yak. You freeze the yak.
The yak is moderately wounded.
The yak closely misses you.
You riposte.
You barely miss the yak.
The yak is moderately wounded.
The yak closely misses you.
You riposte.
You hit the yak. You freeze the yak.
The yak is moderately wounded.
You barely miss the yak.
The yak is moderately wounded.
The yak gores you.
You hit the yak but do no damage.
The yak is moderately wounded.
The yak gores you!
You die...

* , * #######...##.รท##. , ,
#....##....#...#. *#., +..#
#..........#...'. #.#+#
#..#######.........##..##. #....
#......|##....##...##..### ##....
#..##...##....##...+....
......##..##...##>...##...##...
..........##...##....##...##..###
...............Y@.........######.
.....(....(....##....##........#.
......##..##...##....##........#.
###.## ##.##...##.......)))....#.
,# , ...#....#.............##. ,
* ....#....#.............##. ,
.....#....#....##)..##..... , ,
,......#....#>...####'##..... ,
.......#...##'#####...##..##.


You could see a yak.

Vanquished Creatures
  A yaktaur (shapeshifter) (D:9)
  Grinder (D:3)
  Sigmund (D:3)
  3 yaks (D:9)
  A wyvern (D:8)
  A human (D:8)
  2 hungry ghosts (D:8)
  4 hogs (D:8)
  An orc warrior (D:9)
  An ice beast (D:9)
  A sky beast (D:7)
  2 black bears
  2 ogres
  3 bullfrogs
  2 scorpions
  2 howler monkeys
  3 crimson imps
  A quasit (D:7)
  A hound (D:5)
  2 jellies
  2 centaur skeletons (D:7)
  Crazy Yiuf (D:4)
  2 orc wizards
  4 iguanas
  2 worker ants (D:5)
  A hound skeleton (D:4)
  4 gnolls (D:6)
  6 adders
  2 shadow imps
  An adder zombie (D:6)
  5 worms
  4 dart slugs
  17 orcs
  6 giant cockroaches
  7 goblins
  10 hobgoblins
  6 jackals
  2 quokkas
  2 ball pythons
  5 bats
  2 frilled lizards
  A jackal skeleton (D:8)
  9 kobolds
  14 rats
150 creatures vanquished.

Notes
Turn   | Place    | Note
-------+----------+-------------------------------------------
     0 | D:1      | MovingMist the Deep Dwarf Fighter began the quest for the Orb.
     0 | D:1      | Reached XP level 1. HP: 20/20 MP: 1/1
   197 | D:1      | Reached XP level 2. HP: 27/27 MP: 2/2
   438 | D:1      | Reached skill level 1 in Dodging
   653 | D:1      | Reached XP level 3. HP: 22/34 MP: 3/3
  1536 | D:2      | Reached XP level 4. HP: 31/42 MP: 4/4
  1815 | D:3      | Noticed Grinder
  1815 | D:3      | Paralysed by Grinder for 7 turns
  1833 | D:3      | Killed Grinder
  1833 | D:3      | Reached XP level 5. HP: 26/50 MP: 5/5
  1833 | D:3      | Reached XP level 6. HP: 29/57 MP: 6/6
  1851 | D:3      | Noticed Sigmund
  1906 | D:3      | Killed Sigmund
  1940 | D:3      | Found a sacrificial altar of Ru.
  2399 | D:4      | Found a glowing golden altar of the Shining One.
  2404 | D:4      | Became a worshipper of the Shining One
  2420 | D:4      | Found a runed door.
  2424 | D:4      | Noticed Crazy Yiuf
  2432 | D:4      | Killed Crazy Yiuf
  2520 | D:4      | Reached skill level 5 in Dodging
  2528 | D:4      | Found a shimmering altar of Xom.
  2528 | D:4      | Found a radiant altar of Vehumet.
  2529 | D:4      | Found a blossoming altar of Fedhas.
  2580 | D:4      | Reached XP level 7. HP: 39/64 MP: 7/7
  2692 | D:4      | Reached skill level 5 in Armour
  2710 | D:4      | Found a hazy altar of Hepliaklqana.
  2928 | D:5      | Entered Level 5 of the Dungeon
  3077 | D:5      | Found a glowing silver altar of Zin.
  3414 | D:5      | Found a burning altar of Makhleb.
  3765 | D:6      | Found Runazoliuc's Retail Resort.
  3934 | D:6      | Reached * piety under the Shining One
  4351 | D:7      | Reached skill level 5 in Axes
  4358 | D:7      | Reached XP level 8. HP: 46/73 MP: 8/8
  4365 | D:7      | Gained mutation: Your flesh is heat resistant. (rF+) [mutagenic meat]
  4366 | D:7      | Gained mutation: You are dopey. (Int -2) [mutagenic meat]
  4514 | D:7      | Found an opulent altar of Gozag.
  4548 | D:7      | Reached skill level 5 in Fighting
  4672 | D:7      | Found a staircase to the Ecumenical Temple.
  4760 | D:7      | Learned a level 2 spell: Repel Missiles
  4998 | D:8      | Reached skill level 1 in Short Blades
  5186 | D:8      | Found a glowing golden altar of the Shining One.
  5192 | D:8      | Found a bloodstained altar of Trog.
  5290 | D:8      | Reached skill level 1 in Long Blades
  5360 | D:8      | Gained mutation: You passively map the area around you. [Deep Dwarf growth]
  5360 | D:8      | Reached XP level 9. HP: 40/81 MP: 9/9
  5894 | D:9      | Found a basalt altar of Yredelemnul.
  5959 | D:9      | Reached skill level 5 in Long Blades
  6084 | D:9      | Noticed a yaktaur
  6092 | D:9      | Killed a yaktaur
  6101 | D:9      | Gained mutation: You have a pair of small antennae on your head. [mutagenic meat]
  6103 | D:9      | Gained mutation: You are partially covered in thin metallic scales. (AC +2) [mutagenic meat]
  6109 | D:9      | Reached ** piety under the Shining One
  6142 | D:9      | Slain by a yak

Skill      XL: |  1  2  3  4  5  6  7  8  9 |
---------------+----------------------------+-----
Dodging        | 1 2 4 5 6 7 |  7.3
Fighting       | 3 4 5 6 |  6.8
Axes           | 3 4 5 |  5.4
Armour         | 4 5 6 7 |  7.9
Short Blades   | 2 |  2.0
Long Blades    | 2 6 |  6.4
Shields        | |  3.2

Action                   |  1- 3 |  4- 6 |  7- 9 || total
-------------------------+-------+-------+-------++-------
Melee: War axe           |   181 |    87 |   152 ||   420
       Long sword        |       |       |   123 ||   123
       Dagger            |       |       |    21 ||    21
 Abil: Device Recharging |       |       |     1 ||     1
Evoke: Wand              |     1 |     3 |     6 ||    10
  Use: Scroll            |       |     7 |     8 ||    15
  Eat: Chunk             |     2 |     4 |    21 ||    27
Armor: Scale mail        |    65 |       |       ||    65
       Chain mail        |    21 |    44 |    39 ||   104
       Ring mail         |       |       |    69 ||    69
Dodge: Dodged            |    55 |    17 |   137 ||   209
Block: Shield            |    85 |    32 |   144 ||   261
       Rpst.: Long sword |       |       |    31 ||    31
